 Dungeon Crawl Stone Soup version 0.19-a0-1259-g4fc3c0a (webtiles) character file.

413 Proton the Covered (level 6, 0/38 HPs)
             Began as a Gargoyle Fighter on Aug 28, 2016.
             Killed from afar by an orc wizard (3 damage)
             ... with a magic dart
             ... on level 4 of the Dungeon.
             The game lasted 00:05:48 (2887 turns).

Proton the Covered (Gargoyle Fighter)               Turns: 2887, Time: 00:05:49

Health: 0/38       AC: 11    Str: 22    XL:     6   Next: 90%
Magic:  6/6        EV:  8    Int:  8    God:
Gold:   81         SH:  9    Dex:  9    Spells: 0 memorised, 5 levels left

rFire  . . .     SeeInvis .     a - +0 flail
rCold  . . .     Gourm    .     b - +0 scale mail
rNeg   + . .     Faith    .     c - +0 shield
rPois  ∞         Spirit   .     (no helmet)
rElec  +         Dismiss  .     (no cloak)
rCorr  .         Reflect  .     (no gloves)
MR     .....     Harm     .     (no boots)
Stlth  ..........               (no amulet)
                                (no ring)
                                (no ring)

@: no status effects
A: negative energy resistance 1, electricity resistance, unbreathing,
petrification resistance, rot immunity, AC +4
a: no special abilities


You were on level 4 of the Dungeon.
You were hungry.

You visited 1 branch of the dungeon, and saw 4 of its levels.
You also visited: Sewer.

You collected 81 gold pieces.

Inventory:

Hand Weapons
 a - a +0 flail (weapon)
Armour
 b - a +0 scale mail (worn)
 c - a +0 shield (worn)
Jewellery
 r - a +3 amulet of reflection {unknown}
Wands
 i - a wand of slowing (19/48)
Scrolls
 e - a scroll of immolation {unknown}
 j - 2 scrolls of blinking {unknown}
 k - 3 scrolls of remove curse {unknown}
 l - a scroll of noise {unknown}
 m - a scroll of enchant weapon {unknown}
 n - a scroll of fog {unknown}
 p - 2 scrolls of identify {unknown}
 q - 2 scrolls of fear {unknown}
 u - a scroll of teleportation {unknown}
 v - a scroll of recharging {unknown}
Potions
 d - 5 potions of might
 o - a potion of curing {unknown}
 s - a potion of flight {unknown}
 t - a potion of heal wounds {unknown}
Comestibles
 f - 2 bread rations
 g - 2 beef jerkies
 h - a meat ration


   Skills:
 + Level 4.1 Fighting
 * Level 4.5 Maces & Flails
 + Level 4.7 Armour
 + Level 1.9 Dodging
 + Level 4.3 Shields


You had 5 spell levels left.
You didn't know any spells.

Dungeon Overview and Level Annotations

Branches:
Dungeon (4/15)
 Temple: D:4-7

Altars:


Innate Abilities, Weirdness & Mutations

You are resistant to torment.
Your stone body is resilient. (AC +4)
You are immune to poison.
You resist negative energy. (rN+)
You are resistant to electric shocks. (rElec)
You can survive without breathing.
You are immune to petrification.
You are immune to rotting.


Message History

A magic dart appears from out of thin air!
The magic dart hits you!
You hit something. You block something's attack. Something hits you.
* * * LOW HITPOINT WARNING * * *
Something hits you but does no damage.
You miss something.
Something hits you but does no damage. x2
You miss something. You block something's attack.
You hear some strange, mumbled words.
A puff of flame appears from out of thin air!
The puff of flame hits you!
You closely miss something. Something hits you.
* * * LOW HITPOINT WARNING * * *
You hear some strange, mumbled words.
A puff of frost appears from out of thin air!
The puff of frost misses you.
You sock something!
Something hits you but does no damage. x2
You hear some strange, mumbled words.
A magic dart appears from out of thin air!
The magic dart hits you!
You die...

#..#...........###.#
#.
.#.####........##.####
#.#####.
#............####.#
#....... ######.######
#. ##......
...##...###### #.....#
.............# ##...##
.#.##...####.# ##.##
#.###.#####.###.# #.#
#.....[....)@...# #.#
#####..####{##### #.#
##.# #.# ########.#
#.# #.. .........###
#.# #..# ########....
#.# #..# ###.. ...
...# #.. #.. ...# #..
#### #..


There were no monsters in sight!

Vanquished Creatures
  Purgy (Sewer)
  The ghost of spawnfightdierepeat the Chopper, an amateur DsFi (D:3)
  An orc priest (D:4)
  A hound skeleton (D:4)
  5 adders
  4 gnolls
  An ooze (D:2)
  2 worms (D:3)
  4 dart slugs
  4 giant geckos
  5 orcs
  A giant cockroach (D:1)
  9 goblins
  6 hobgoblins
  4 jackals
  4 kobolds
  2 quokkas (D:2)
  12 bats
  12 giant newts
  10 rats
89 creatures vanquished.

Notes
Turn   | Place    | Note
-------+----------+-------------------------------------------
     0 | D:1      | Proton the Gargoyle Fighter began the quest for the Orb.
     0 | D:1      | Reached XP level 1. HP: 14/14 MP: 1/1
   120 | D:1      | Reached XP level 2. HP: 19/19 MP: 2/2
   614 | D:2      | Reached XP level 3. HP: 23/23 MP: 3/3
   787 | D:2      | Reached skill level 1 in Dodging
  1081 | D:2      | Reached XP level 4. HP: 28/28 MP: 4/4
  1181 | D:3      | Noticed spawnfightdierepeat's ghost (amateur DsFi)
  1189 | D:3      | Killed spawnfightdierepeat's ghost
  1189 | D:3      | Reached XP level 5. HP: 21/33 MP: 5/5
  2102 | D:3      | Reached XP level 6. HP: 38/38 MP: 6/6
  2480 | D:4      | Found a glowing drain.
  2500 | Sewer    | Entered a sewer
  2582 | Sewer    | Noticed Purgy
  2593 | Sewer    | Killed Purgy
  2887 | D:4      | Killed from afar by an orc wizard

Vault maps used:
D:1:      dpeg_arrival_short_road
D:2:      minivault_14
D:3:      first_bread
D:4:      old_forge, portal_sewer_entry_d
Sewer:    sewer_co_purgy_island

Skill      XL: |  1  2  3  4  5  6 |
---------------+-------------------+-----
Dodging        | 1 |  1.9
Maces & Flails | 3 4 |  4.5
Armour         | 4 |  4.7
Shields        | 4 |  4.3
Fighting       | 4 |  4.1

Action                   |  1- 3 |  4- 6 || total
-------------------------+-------+-------++-------
Melee: Flail             |   176 |   247 ||   423
  Eat: Chunk             |     1 |     6 ||     7
Armor: Scale mail        |   106 |   143 ||   249
Dodge: Dodged            |    54 |    98 ||   152
Block: Shield            |    98 |   147 ||   245
